bob, neutral male human Monk ------ ------------- |..>.| |..........<| ##.....| |...........| # |....| |...........| ### |.^...# |...........| ------------- # ------# |............# |`.........`| ### # ----.--|-----# |.@...`.....|# # # ## ### .Y..-----...|% # # # # #|...|...|...|############################## ### ### |..`|{.{|`..| -------# #---|- % # |...|.{.|....######..(...|## #|..)| ### ### |...-.---...| |.....|## |...| # # |.....`.....| |..*...#############....| ## ##-`..a......`| ------- ----- --.---- ------------- |[.[..| |^..%.| ------- bob the Initiate Experience level: 6 Strength: 17 Dexterity: 15 Constitution: 12 Intelligence: 9 Wisdom: 14 Charisma: 13 Health: 0(49) Energy: 32(38) Def: 6 Gold: 686 Moves: 3846 Dungeon seed: qTyR11MTTjcmm-HL Game ID: bob_1462492923 Your Inventory: Coins $ - 686 gold pieces Weapons S - 8 +0 arrows (in quiver) Armor e - an uncursed +2 pair of leather gloves (being worn) Y - a blessed +2 cloak of invisibility (being worn) Comestibles f - 4 cursed food rations g - 5 uncursed apples h - 7 uncursed oranges i - 4 uncursed fortune cookies P - 2 uncursed eggs Scrolls l - an uncursed scroll of enchant weapon p - a cursed scroll of destroy armor s - an uncursed scroll of light A - 2 uncursed scrolls of identify K - a blessed scroll of earth L - a cursed scroll of remove curse O - an uncursed scroll of magic mapping R - a blessed scroll of remove curse Spellbooks a - a blessed spellbook of healing E - an uncursed spellbook of create familiar F - a cursed spellbook of force bolt Potions c - a blessed potion of healing d - 2 uncursed potions of healing j - 2 uncursed potions of water o - an uncursed potion of see invisible r - an uncursed potion of see invisible z - 2 uncursed potions of object detection D - an uncursed potion of extra healing I - an uncursed potion of full healing J - an uncursed potion of sickness Rings t - a cursed -1 ring of adornment w - an uncursed ring of conflict x - an uncursed ring of teleportation Wands m - a cursed wand of lightning (0:7) C - a wand of teleportation (0:8) M - a wand of cold (0:4) Tools k - a cursed skeleton key B - an uncursed leash G - an uncursed mirror Gems q - an uncursed worthless piece of black glass y - an uncursed aquamarine stone N - an uncursed worthless piece of green glass Spells and supernatural/magical abilities: Name Level Category Fail Memory h - healing 1 healing 16% 81% W - pray for help -- divine ? -- Your skills at the end: Fighting Skills martial arts [Basic] Weapon Skills Spellcasting Skills healing spells [Basic] Final Attributes: You had transgressed. You were fire resistant. You were sleep resistant. You were poison resistant. You saw invisible. You were invisible to others. You were stealthy. You were fast. You were unlucky. Chih Sung-tzu was angry with you. You are dead. Vanquished creatures: a giant mimic a large mimic a wolf a leprechaun a mumak a giant spider a dust vortex a snake a wood nymph a mountain nymph 2 rock piercers 2 gray oozes 2 giant ants a little dog a kobold shaman 2 rabid rats a giant bat 2 acid blobs 4 manes a large kobold a hobgoblin 3 cave spiders a brown mold 2 red molds 11 garter snakes 2 gnome zombies 3 geckos 4 jackals 2 kobolds 2 goblins 2 grid bugs 3 bats 3 lichens 4 newts 71 creatures vanquished. Voluntary challenges: You were vegetarian. You used a wielded weapon 3 times, starting on turn 3623. You were illiterate. You never genocided any monsters. You never polymorphed an object. You never changed form. You used no wishes. You never split a pudding. You never wrote Elbereth's name. You violated your moral code, losing 80 points of alignment, starting on turn 3318. Dungeon overview: The Dungeons of Doom: levels 1 to 9 Level 1 a fountain, a sink a long staircase Level 2 some fountains Level 3 a fountain, a sink Level 4 a potion shop, a sink a long staircase Level 5 a jewelry store Level 6 Level 7 Level 8 <- You were here some fountains Level 9 History has recorded: On T:1 you entered the Dungeons of Doom to retrieve the Amulet of Yendor! On T:330 you advanced to experience level 2. On T:365 you reached level 2 of The Dungeons of Doom. On T:583 you reached level 3 of The Dungeons of Doom. On T:821 you advanced to experience level 3. On T:1000 you reached level 4 of The Dungeons of Doom. On T:1261 you advanced to experience level 4. On T:1328 you reached level 5 of The Dungeons of Doom. On T:1713 you advanced to experience level 5. On T:2606 you reached level 6 of The Dungeons of Doom. On T:2654 you advanced to experience level 6. On T:2924 you reached level 7 of The Dungeons of Doom. On T:3308 you reached level 8 of The Dungeons of Doom. On T:3593 you reached level 9 of The Dungeons of Doom. Score breakdown: Gold: 686 ( 9650 points) Experience: 6 levels (12456 points) Exploration: 9 levels ( 18.75%) (12377 points) Discoveries: 1 item ( 0.36%) ( 1792 points) Valuables value: (no points given unless you survive) Artifact value: 0 ( 0 points) Variety of kills: 34 monsters ( 8.92%) ( 8961 points) Turncount: 3846 turns ( -966 points) Survival: died (score multiplied by 80%) Total score: 35416 Latest messages: The yeti hits! (2x) You die... Final status: Goodbye bob the Monk, killed by a yeti... You died in The Dungeons of Doom on dungeon level 8 with 35416 points, and 686 pieces of gold, after 3846 moves. You were level 6 with a maximum of 49 hit points when you died.